Sabres vs Devils

Created - March 11 2008 at 18:21

Goals
1 2 3 T
Sabres 1 1 1 3
Devils 2 0 0 2
Shots
1 2 3 T
Sabres 11 20 6 37
Devils 8 7 16 31

Period #1

1. Devils , Jean-Pierre Dumont 23 (Ryan Getzlaf, Daniel Alfredsson) at 0:55
2. Sabres , Daniel Briere 18 (Rob Blake, Doug Weight) at 6:33
3. Devils , Michael Nylander 16 (Patrik Elias, Zach Parise) at 12:11

Penalties :
Hal Gill (NJD) for Charging (Minor) at 1:12, Paul Martin (NJD) for Tripping (Minor) at 1:38, Colin White (NJD) for Slashing (Minor) at 3:44

Period #2

4. Sabres , Nathan Horton 25 (Chris Drury, Thomas Vanek) at 5:56

Penalties :
Toni Lydman (BUF) for Roughing (Minor) at 1:04, Brendan Witt (NJD) for Holding Stick (Minor) at 1:59, Colin White (NJD) for Roughing (Minor) at 11:48, Hal Gill (NJD) for Roughing (Double Minor) at 17:57

Period #3

5. Sabres , Chris Drury 19 (Daniel Briere, Brian Campbell) at 1:18

Penalties :
Milan Hejduk (BUF) for Holding Stick (Minor) at 0:05, Rob Blake (BUF) for Holding (Minor) at 6:18, Colin White (NJD) for High sticking (Minor) at 9:03, Brendan Witt (NJD) for Diving (Minor) at 12:12, Daniel Alfredsson (NJD) for Holding Stick (Minor) at 15:31

Goalie Stats

Ryan Miller (BUF), 29 saves from 31 shots - (0.935), W, 42-20-6, 60:00 minutes
Martin Brodeur (NJD), 34 saves from 37 shots - (0.919), L, 45-21-4, 59:53 minutes

Players Stats

Sabres
Player Name              G  A  P  +/- PIM S  H  SB FO MP 
-----------------------------------------------------------
Brian Campbell           0  1  1  -1  0   1  0  0  0  21 
Chris Drury              1  1  2   2  0   7  1  1  28 23 
Daniel Briere            1  1  2   0  0   5  2  1  38 26 
Danny Markov             0  0  0   0  0   0  4  1  0  15 
Derek Roy                0  0  0   0  0   2  2  0  15 14 
Dmitri Kalinin           0  0  0   1  0   1  0  3  0  23 
Doug Weight              0  1  1   1  0   1  0  0  6  6  
Henrik Tallinder         0  0  0   1  0   0  0  0  0  6  
Henrik Zetterberg        0  0  0  -2  0   3  0  0  9  20 
Jochen Hecht             0  0  0   0  0   0  0  0  1  14 
Johan Franzen            0  0  0   0  0   1  1  0  1  14 
John-Michael Liles       0  0  0   0  0   0  0  1  0  15 
Milan Hejduk             0  0  0  -2  2   4  1  0  3  19 
Nathan Horton            1  0  1   1  0   4  3  0  1  21 
Paul Gaustad             0  0  0   1  0   0  0  0  0  6  
Rob Blake                0  1  1   0  2   0  0  0  0  25 
Thomas Vanek             0  1  1   1  0   7  1  0  2  23 
Toni Lydman              0  0  0   1  2   1  2  1  0  22 
Devils
Player Name              G  A  P  +/- PIM S  H  SB FO MP 
-----------------------------------------------------------
Ben Eager                0  0  0   0  0   0  1  0  0  4  
Brad Lukowich            0  0  0   0  0   0  1  3  0  25 
Brendan Witt             0  0  0   0  4   0  4  0  0  21 
Chris Chelios            0  0  0  -1  0   2  0  3  0  19 
Colin White              0  0  0  -1  6   0  3  1  0  16 
Daniel Alfredsson        0  1  1   0  2   4  2  0  0  16 
Hal Gill                 0  0  0   0  6   0  0  0  0  21 
Jamie Langenbrunner      0  0  0   0  0   2  1  0  0  15 
Jean-Pierre Dumont       1  0  1   0  0   4  1  0  1  15 
John Madden              0  0  0   0  0   1  0  0  21 11 
Juraj Kolnik             0  0  0   0  0   1  0  0  1  4  
Michael Nylander         1  0  1  -1  0   3  0  0  23 13 
Miroslav Satan           0  0  0   0  0   1  1  1  2  22 
Patrik Elias             0  1  1   0  0   2  1  0  1  12 
Paul Martin              0  0  0   0  2   1  2  2  0  23 
Ryan Getzlaf             0  1  1   0  0   4  4  0  23 18 
Travis Zajac             0  0  0   0  0   3  2  0  27 21 
Zach Parise              0  1  1  -1  0   3  1  0  5  20 

3 Stars

1 - Chris Drury (BUF)
2 - Daniel Briere (BUF)
3 - Nathan Horton (BUF)

Power Play

Sabres - 0 on 9 Attempt(s) - 0.00%
Devils - 0 on 3 Attempt(s) - 0.00%

Penalty Kill

Sabres - 3 on 3 Attempt(s) - 100.00% - Score 0 goal in Penalty Kill
Devils - 9 on 9 Attempt(s) - 100.00% - Score 0 goal in Penalty Kill

Game Notes

No Game Note

Finance

Level 1 -- Attendance: 4184 (64.37%) -- Ticket Income $418,400.00
Level 2 -- Attendance: 3683 (66.48%) -- Ticket Income $220,980.00
Level 3 -- Attendance: 1652 (82.60%) -- Ticket Income $57,820.00
Level 4 -- Attendance: 3855 (96.38%) -- Ticket Income $77,100.00
Luxury Box -- Attendance: 827 (82.70%) -- Ticket Income $165,400.00
Game was played at the Continental Airlines Arena
Total Attendance: 14201 (74.59%)
Total Ticket Income: $1,005,778.00
Other Income: $158,669.10
Total Income: $1,164,447.00


Play by Play

Period #1

0:01 of 1st period - Michael Nylander wins face-off versus Daniel Briere in neutral zone.
0:11 of 1st period - Icing by Hal Gill.
0:12 of 1st period - Chris Drury wins face-off versus Michael Nylander in Devils zone.
0:26 of 1st period - Shot by Chris Drury.
0:26 of 1st period - Stopped by Martin Brodeur without a rebound.
0:27 of 1st period - Daniel Briere wins face-off versus Ryan Getzlaf in Devils zone.
0:46 of 1st period - Daniel Briere is hit by Jean-Pierre Dumont and loses puck.
0:55 of 1st period - Shot by Ryan Getzlaf.
0:55 of 1st period - Deflect By Jean-Pierre Dumont.
0:55 of 1st period - Goal by Jean-Pierre Dumont - Sabres : 0 - Devils : 1.
0:56 of 1st period - Michael Nylander wins face-off versus Chris Drury in neutral zone.
0:59 of 1st period - Shot by Zach Parise.
0:59 of 1st period - Shot Blocked by Dmitri Kalinin.
1:12 of 1st period - Minor Penalty to Hal Gill for Charging.
1:13 of 1st period - Daniel Briere wins face-off versus Zach Parise in Devils zone.
1:26 of 1st period - John Madden is hit by Milan Hejduk and loses puck.
1:38 of 1st period - Minor Penalty to Paul Martin for Tripping.
1:39 of 1st period - Travis Zajac wins face-off versus Chris Drury in Devils zone.
1:45 of 1st period - Icing by Dmitri Kalinin.
1:46 of 1st period - Travis Zajac wins face-off versus Thomas Vanek in Sabres zone.
2:01 of 1st period - Shot by Thomas Vanek.
2:01 of 1st period - Stopped by Martin Brodeur without a rebound.
2:02 of 1st period - John Madden wins face-off versus Daniel Briere in Devils zone.
3:06 of 1st period - Icing by Thomas Vanek.
3:07 of 1st period - John Madden wins face-off versus Chris Drury in Sabres zone.
3:13 of 1st period - Icing by Dmitri Kalinin.
3:14 of 1st period - John Madden wins face-off versus Chris Drury in Sabres zone.
3:25 of 1st period - Shot by Toni Lydman.
3:25 of 1st period - Shot Misses the Net.
3:27 of 1st period - Shot by Thomas Vanek.
3:27 of 1st period - Deflect By Chris Drury.
3:27 of 1st period - Shot Misses the Net.
3:44 of 1st period - Minor Penalty to Colin White for Slashing.
3:45 of 1st period - John Madden wins face-off versus Daniel Briere in Devils zone.
4:58 of 1st period - Shot by Thomas Vanek.
4:58 of 1st period - Stopped by Martin Brodeur without a rebound.
4:59 of 1st period - Zach Parise wins face-off versus Daniel Briere in Devils zone.
5:16 of 1st period - Shot by Daniel Briere.
5:16 of 1st period - Stopped by Martin Brodeur without a rebound.
5:17 of 1st period - Travis Zajac wins face-off versus Chris Drury in Devils zone.
5:17 of 1st period - Travis Zajac is hit by Chris Drury.
5:33 of 1st period - Shot by Thomas Vanek.
5:33 of 1st period - Stopped by Martin Brodeur without a rebound.
5:34 of 1st period - Daniel Briere wins face-off versus Travis Zajac in Devils zone.
5:45 of 1st period - Shot by Henrik Zetterberg.
5:45 of 1st period - Stopped by Martin Brodeur without a rebound.
5:46 of 1st period - Derek Roy wins face-off versus Ryan Getzlaf in Devils zone.
6:09 of 1st period - Shot by Daniel Alfredsson.
6:09 of 1st period - Shot Misses the Net.
6:11 of 1st period - Shot by Chris Chelios.
6:11 of 1st period - Stopped by Ryan Miller without a rebound.
6:12 of 1st period - Doug Weight wins face-off versus Michael Nylander in Sabres zone.
6:29 of 1st period - Shot by Daniel Briere.
6:29 of 1st period - Shot Misses the Net.
6:33 of 1st period - Shot by Daniel Briere.
6:33 of 1st period - Goal by Daniel Briere - Sabres : 1 - Devils : 1.
6:34 of 1st period - Miroslav Satan wins face-off versus Chris Drury in neutral zone.
7:09 of 1st period - Shot by Travis Zajac.
7:09 of 1st period - Deflect By Jamie Langenbrunner.
7:09 of 1st period - Stopped by Ryan Miller without a rebound.
7:10 of 1st period - Ryan Getzlaf wins face-off versus Derek Roy in Sabres zone.
7:10 of 1st period - Ryan Getzlaf is hit by Danny Markov.
7:15 of 1st period - Daniel Alfredsson is hit by Danny Markov and loses puck.
7:29 of 1st period - Icing by Chris Chelios.
7:30 of 1st period - Daniel Briere wins face-off versus Ryan Getzlaf in Devils zone.
7:39 of 1st period - Milan Hejduk is hit by Daniel Alfredsson and loses puck.
8:41 of 1st period - Icing by Toni Lydman.
8:42 of 1st period - Nathan Horton wins face-off versus Travis Zajac in Sabres zone.
9:32 of 1st period - Danny Markov is hit by Jamie Langenbrunner and loses puck.
9:54 of 1st period - Derek Roy is hit by Colin White and loses puck.
10:14 of 1st period - Shot by Daniel Alfredsson.
10:14 of 1st period - Stopped by Ryan Miller with a rebound.
10:22 of 1st period - Shot by Daniel Alfredsson.
10:22 of 1st period - Shot Blocked by Danny Markov.
10:33 of 1st period - Icing by Johan Franzen.
10:34 of 1st period - Derek Roy wins face-off versus John Madden in Sabres zone.
10:38 of 1st period - Icing by John-Michael Liles.
10:39 of 1st period - Derek Roy wins face-off versus Zach Parise in Sabres zone.
10:49 of 1st period - Icing by Zach Parise.
10:50 of 1st period - Daniel Briere wins face-off versus Michael Nylander in Devils zone.
10:51 of 1st period - Shot by Henrik Zetterberg.
10:51 of 1st period - Stopped by Martin Brodeur without a rebound.
10:52 of 1st period - Travis Zajac wins face-off versus Daniel Briere in Devils zone.
11:13 of 1st period - Shot by Travis Zajac.
11:13 of 1st period - Shot Blocked by Daniel Briere.
11:38 of 1st period - Rob Blake is hit by Travis Zajac and loses puck.
12:09 of 1st period - Shot by Michael Nylander.
12:09 of 1st period - Shot Hit the Post.
12:11 of 1st period - Shot by Michael Nylander.
12:11 of 1st period - Goal by Michael Nylander - Sabres : 1 - Devils : 2.
12:12 of 1st period - Chris Drury wins face-off versus Ryan Getzlaf in neutral zone.
12:15 of 1st period - Jean-Pierre Dumont is hit by Nathan Horton and loses puck.
12:22 of 1st period - Shot by Nathan Horton.
12:22 of 1st period - Stopped by Martin Brodeur without a rebound.
12:23 of 1st period - Chris Drury wins face-off versus John Madden in Devils zone.
12:46 of 1st period - Shot by Thomas Vanek.
12:46 of 1st period - Shot Misses the Net.
13:02 of 1st period - Juraj Kolnik is hit by Toni Lydman and loses puck.
13:18 of 1st period - Nathan Horton is hit by Ryan Getzlaf and loses puck.
13:32 of 1st period - Ryan Getzlaf is hit by Toni Lydman and loses puck.
13:43 of 1st period - Shot by Jean-Pierre Dumont.
13:43 of 1st period - Stopped by Ryan Miller without a rebound.
13:44 of 1st period - Travis Zajac wins face-off versus Jochen Hecht in Sabres zone.
13:49 of 1st period - Shot by Jamie Langenbrunner.
13:49 of 1st period - Stopped by Ryan Miller with a rebound.
14:53 of 1st period - Henrik Tallinder is hit by Ryan Getzlaf and loses puck.
15:20 of 1st period - Shot by Daniel Alfredsson.
15:20 of 1st period - Deflect By Jean-Pierre Dumont.
15:20 of 1st period - Stopped by Ryan Miller without a rebound.
15:21 of 1st period - Patrik Elias wins face-off versus Daniel Briere in Sabres zone.
15:47 of 1st period - Milan Hejduk is hit by Brendan Witt and loses puck.
16:31 of 1st period - Shot by Derek Roy.
16:31 of 1st period - Shot Blocked by Chris Chelios.
16:45 of 1st period - Shot by Chris Chelios.
16:45 of 1st period - Deflect By Daniel Alfredsson.
16:45 of 1st period - Shot Blocked by Dmitri Kalinin.
17:03 of 1st period - Shot by Thomas Vanek.
17:03 of 1st period - Stopped by Martin Brodeur with a rebound.
17:05 of 1st period - Shot by Chris Drury.
17:05 of 1st period - Shot Blocked by Colin White.
17:07 of 1st period - Shot by Thomas Vanek.
17:07 of 1st period - Stopped by Martin Brodeur without a rebound.
17:08 of 1st period - Travis Zajac wins face-off versus Daniel Briere in Devils zone.
17:17 of 1st period - Icing by Brian Campbell.
17:18 of 1st period - Henrik Zetterberg wins face-off versus John Madden in Sabres zone.
17:20 of 1st period - Icing by Milan Hejduk.
17:21 of 1st period - Daniel Briere wins face-off versus Travis Zajac in Sabres zone.
17:49 of 1st period - Brian Campbell is hit by Travis Zajac and loses puck.
19:13 of 1st period - Icing by Brad Lukowich.
19:14 of 1st period - Travis Zajac wins face-off versus Daniel Briere in Devils zone.

Period #2

0:01 of 2nd period - Michael Nylander wins face-off versus Milan Hejduk in neutral zone.
0:14 of 2nd period - Shot by Michael Nylander.
0:14 of 2nd period - Stopped by Ryan Miller with a rebound.
1:04 of 2nd period - Minor Penalty to Toni Lydman for Roughing.
1:05 of 2nd period - Ryan Getzlaf wins face-off versus Henrik Zetterberg in Sabres zone.
1:20 of 2nd period - Shot by Ryan Getzlaf.
1:20 of 2nd period - Stopped by Ryan Miller with a rebound.
1:44 of 2nd period - Shot by Jamie Langenbrunner.
1:44 of 2nd period - Shot Misses the Net.
1:46 of 2nd period - Shot by Paul Martin.
1:46 of 2nd period - Stopped by Ryan Miller without a rebound.
1:47 of 2nd period - Michael Nylander wins face-off versus Daniel Briere in Sabres zone.
1:59 of 2nd period - Minor Penalty to Brendan Witt for Holding Stick.
2:00 of 2nd period - Daniel Briere wins face-off versus Michael Nylander in Sabres zone.
2:07 of 2nd period - Shot by Chris Drury.
2:07 of 2nd period - Stopped by Martin Brodeur without a rebound.
2:08 of 2nd period - Ryan Getzlaf wins face-off versus Daniel Briere in Devils zone.
2:51 of 2nd period - Icing by Daniel Briere.
2:52 of 2nd period - Michael Nylander wins face-off versus Daniel Briere in Sabres zone.
3:09 of 2nd period - Shot by Milan Hejduk.
3:09 of 2nd period - Stopped by Martin Brodeur without a rebound.
3:10 of 2nd period - Travis Zajac wins face-off versus Milan Hejduk in Devils zone.
3:10 of 2nd period - Travis Zajac is hit by Nathan Horton.
3:17 of 2nd period - Icing by Toni Lydman.
3:18 of 2nd period - Miroslav Satan wins face-off versus Milan Hejduk in Sabres zone.
3:35 of 2nd period - Shot by Thomas Vanek.
3:35 of 2nd period - Shot Misses the Net.
3:39 of 2nd period - Shot by Thomas Vanek.
3:39 of 2nd period - Deflect By Milan Hejduk.
3:39 of 2nd period - Stopped by Martin Brodeur with a rebound.
3:43 of 2nd period - Shot by Thomas Vanek.
3:43 of 2nd period - Stopped by Martin Brodeur without a rebound.
3:44 of 2nd period - John Madden wins face-off versus Chris Drury in Devils zone.
4:13 of 2nd period - Icing by Danny Markov.
4:14 of 2nd period - John Madden wins face-off versus Derek Roy in Sabres zone.
4:18 of 2nd period - Juraj Kolnik is hit by Danny Markov and loses puck.
4:24 of 2nd period - Derek Roy is hit by Ben Eager and loses puck.
4:53 of 2nd period - Shot by John Madden.
4:53 of 2nd period - Stopped by Ryan Miller without a rebound.
4:54 of 2nd period - Doug Weight wins face-off versus Ryan Getzlaf in Sabres zone.
5:05 of 2nd period - Henrik Tallinder is hit by Ryan Getzlaf and loses puck.
5:15 of 2nd period - Icing by Colin White.
5:16 of 2nd period - Ryan Getzlaf wins face-off versus Chris Drury in Devils zone.
5:41 of 2nd period - Thomas Vanek is hit by Colin White and loses puck.
5:54 of 2nd period - Shot by Chris Drury.
5:54 of 2nd period - Shot Misses the Net.
5:56 of 2nd period - Shot by Nathan Horton.
5:56 of 2nd period - Goal by Nathan Horton - Sabres : 2 - Devils : 2.
5:57 of 2nd period - Travis Zajac wins face-off versus Daniel Briere in neutral zone.
6:31 of 2nd period - Shot by Henrik Zetterberg.
6:31 of 2nd period - Stopped by Martin Brodeur without a rebound.
6:32 of 2nd period - Derek Roy wins face-off versus Michael Nylander in Devils zone.
6:44 of 2nd period - Jochen Hecht is hit by Brendan Witt and loses puck.
6:51 of 2nd period - Shot by Derek Roy.
6:51 of 2nd period - Stopped by Martin Brodeur with a rebound.
6:53 of 2nd period - Shot by Derek Roy.
6:53 of 2nd period - Stopped by Martin Brodeur without a rebound.
6:54 of 2nd period - John Madden wins face-off versus Chris Drury in Devils zone.
7:12 of 2nd period - Icing by Brendan Witt.
7:13 of 2nd period - John Madden wins face-off versus Doug Weight in Devils zone.
7:39 of 2nd period - Icing by Hal Gill.
7:40 of 2nd period - John Madden wins face-off versus Derek Roy in Devils zone.
7:52 of 2nd period - John-Michael Liles is hit by Colin White and loses puck.
9:02 of 2nd period - Shot by Chris Drury.
9:02 of 2nd period - Stopped by Martin Brodeur without a rebound.
9:03 of 2nd period - Michael Nylander wins face-off versus Daniel Briere in Devils zone.
9:18 of 2nd period - Shot by Milan Hejduk.
9:18 of 2nd period - Stopped by Martin Brodeur without a rebound.
9:19 of 2nd period - Doug Weight wins face-off versus Travis Zajac in Devils zone.
9:51 of 2nd period - Shot by Daniel Briere.
9:51 of 2nd period - Shot Misses the Net.
9:53 of 2nd period - Shot by Doug Weight.
9:53 of 2nd period - Stopped by Martin Brodeur without a rebound.
9:54 of 2nd period - Chris Drury wins face-off versus Ryan Getzlaf in Devils zone.
10:03 of 2nd period - Shot by Ryan Getzlaf.
10:03 of 2nd period - Stopped by Ryan Miller without a rebound.
10:04 of 2nd period - Derek Roy wins face-off versus Michael Nylander in Sabres zone.
10:20 of 2nd period - Shot by Zach Parise.
10:20 of 2nd period - Stopped by Ryan Miller with a rebound.
10:48 of 2nd period - Shot by Johan Franzen.
10:48 of 2nd period - Stopped by Martin Brodeur without a rebound.
10:49 of 2nd period - Chris Drury wins face-off versus Ryan Getzlaf in Devils zone.
11:04 of 2nd period - Shot by Chris Drury.
11:04 of 2nd period - Shot Misses the Net.
11:12 of 2nd period - Shot by Chris Drury.
11:12 of 2nd period - Stopped by Martin Brodeur without a rebound.
11:13 of 2nd period - Travis Zajac wins face-off versus Daniel Briere in Devils zone.
11:13 of 2nd period - Travis Zajac is hit by Daniel Briere.
11:23 of 2nd period - Brian Campbell is hit by Miroslav Satan and loses puck.
11:27 of 2nd period - Icing by Brian Campbell.
11:28 of 2nd period - Daniel Briere wins face-off versus Juraj Kolnik in Sabres zone.
11:47 of 2nd period - Shot by Daniel Briere.
11:47 of 2nd period - Stopped by Martin Brodeur without a rebound.
11:48 of 2nd period - Chris Drury wins face-off versus Ryan Getzlaf in Devils zone.
11:48 of 2nd period - Minor Penalty to Colin White for Roughing.
11:49 of 2nd period - Chris Drury wins face-off versus John Madden in Devils zone.
11:55 of 2nd period - Thomas Vanek is hit by Paul Martin and loses puck.
12:17 of 2nd period - Nathan Horton is hit by Paul Martin and loses puck.
12:25 of 2nd period - Shot by Toni Lydman.
12:25 of 2nd period - Shot Misses the Net.
12:29 of 2nd period - Shot by Thomas Vanek.
12:29 of 2nd period - Stopped by Martin Brodeur without a rebound.
12:30 of 2nd period - Daniel Briere wins face-off versus Travis Zajac in Devils zone.
12:37 of 2nd period - Shot by Daniel Briere.
12:37 of 2nd period - Stopped by Martin Brodeur without a rebound.
12:38 of 2nd period - Travis Zajac wins face-off versus Daniel Briere in Devils zone.
13:44 of 2nd period - Shot by Thomas Vanek.
13:44 of 2nd period - Shot Blocked by Paul Martin.
14:18 of 2nd period - Shot by Ryan Getzlaf.
14:18 of 2nd period - Stopped by Ryan Miller with a rebound.
14:21 of 2nd period - Icing by Danny Markov.
14:22 of 2nd period - Michael Nylander wins face-off versus Johan Franzen in Sabres zone.
14:50 of 2nd period - Patrik Elias is hit by Danny Markov and loses puck.
14:57 of 2nd period - Hal Gill is hit by Derek Roy and loses puck.
15:28 of 2nd period - Shot by Thomas Vanek.
15:28 of 2nd period - Shot Blocked by Paul Martin.
15:30 of 2nd period - Shot by Nathan Horton.
15:30 of 2nd period - Stopped by Martin Brodeur with a rebound.
15:32 of 2nd period - Shot by Chris Drury.
15:32 of 2nd period - Stopped by Martin Brodeur without a rebound.
15:33 of 2nd period - Daniel Briere wins face-off versus Ryan Getzlaf in Devils zone.
15:44 of 2nd period - Shot by Milan Hejduk.
15:44 of 2nd period - Shot Blocked by Chris Chelios.
16:33 of 2nd period - Off-side.
16:34 of 2nd period - Chris Drury wins face-off versus Travis Zajac in neutral zone.
17:06 of 2nd period - Shot by Jamie Langenbrunner.
17:06 of 2nd period - Shot Blocked by Toni Lydman.
17:27 of 2nd period - Icing by Chris Drury.
17:28 of 2nd period - Michael Nylander wins face-off versus Chris Drury in Sabres zone.
17:57 of 2nd period - Double Minor Penalty to Hal Gill for Roughing.
17:58 of 2nd period - Daniel Briere wins face-off versus John Madden in Devils zone.
18:11 of 2nd period - Shot by Brian Campbell.
18:11 of 2nd period - Stopped by Martin Brodeur without a rebound.
18:12 of 2nd period - Daniel Briere wins face-off versus Travis Zajac in Devils zone.
18:32 of 2nd period - Shot by Daniel Briere.
18:32 of 2nd period - Stopped by Martin Brodeur without a rebound.
18:33 of 2nd period - Henrik Zetterberg wins face-off versus John Madden in Devils zone.

Period #3

0:01 of 3rd period - Henrik Zetterberg wins face-off versus Travis Zajac in neutral zone.
0:05 of 3rd period - Minor Penalty to Milan Hejduk for Holding Stick.
0:06 of 3rd period - Ryan Getzlaf wins face-off versus Henrik Zetterberg in Devils zone.
0:17 of 3rd period - Shot by Daniel Alfredsson.
0:17 of 3rd period - Stopped by Ryan Miller without a rebound.
0:18 of 3rd period - Michael Nylander wins face-off versus Daniel Briere in Sabres zone.
0:24 of 3rd period - Shot by Michael Nylander.
0:24 of 3rd period - Stopped by Ryan Miller without a rebound.
0:25 of 3rd period - Ryan Getzlaf wins face-off versus Henrik Zetterberg in Sabres zone.
0:34 of 3rd period - Shot by Daniel Alfredsson.
0:34 of 3rd period - Stopped by Ryan Miller with a rebound.
1:00 of 3rd period - Shot by Ryan Getzlaf.
1:00 of 3rd period - Deflect By Daniel Alfredsson.
1:00 of 3rd period - Shot Misses the Net.
1:02 of 3rd period - Shot by Daniel Alfredsson.
1:02 of 3rd period - Shot Misses the Net.
1:08 of 3rd period - Shot by Ryan Getzlaf.
1:08 of 3rd period - Stopped by Ryan Miller without a rebound.
1:09 of 3rd period - Michael Nylander wins face-off versus Daniel Briere in Sabres zone.
1:10 of 3rd period - Shot by Zach Parise.
1:10 of 3rd period - Shot Misses the Net.
1:16 of 3rd period - Shot by Daniel Briere.
1:16 of 3rd period - Shot Misses the Net.
1:18 of 3rd period - Shot by Chris Drury.
1:18 of 3rd period - Goal by Chris Drury - Sabres : 3 - Devils : 2.
1:19 of 3rd period - Michael Nylander wins face-off versus Chris Drury in neutral zone.
1:19 of 3rd period - Michael Nylander is hit by Daniel Briere.
1:23 of 3rd period - Shot by Zach Parise.
1:23 of 3rd period - Stopped by Ryan Miller with a rebound.
1:33 of 3rd period - Shot by Zach Parise.
1:33 of 3rd period - Stopped by Ryan Miller without a rebound.
1:34 of 3rd period - Michael Nylander wins face-off versus Daniel Briere in Sabres zone.
1:39 of 3rd period - Shot by Zach Parise.
1:39 of 3rd period - Shot Blocked by Chris Drury.
1:51 of 3rd period - Shot by Chris Drury.
1:51 of 3rd period - Stopped by Martin Brodeur without a rebound.
1:52 of 3rd period - Ryan Getzlaf wins face-off versus Henrik Zetterberg in Devils zone.
2:17 of 3rd period - Shot by Ben Eager.
2:17 of 3rd period - Shot Misses the Net.
2:19 of 3rd period - Shot by Juraj Kolnik.
2:19 of 3rd period - Stopped by Ryan Miller without a rebound.
2:20 of 3rd period - Doug Weight wins face-off versus Travis Zajac in Sabres zone.
2:53 of 3rd period - Shot by Paul Martin.
2:53 of 3rd period - Deflect By Travis Zajac.
2:53 of 3rd period - Stopped by Ryan Miller with a rebound.
3:04 of 3rd period - Off-side.
3:05 of 3rd period - Chris Drury wins face-off versus Michael Nylander in neutral zone.
3:07 of 3rd period - Thomas Vanek is hit by Brendan Witt and loses puck.
3:21 of 3rd period - Icing by Michael Nylander.
3:22 of 3rd period - Michael Nylander wins face-off versus Derek Roy in Devils zone.
3:50 of 3rd period - Shot by Patrik Elias.
3:50 of 3rd period - Stopped by Ryan Miller with a rebound.
3:54 of 3rd period - Shot by Michael Nylander.
3:54 of 3rd period - Shot Blocked by John-Michael Liles.
5:46 of 3rd period - Shot by Travis Zajac.
5:46 of 3rd period - Stopped by Ryan Miller without a rebound.
5:47 of 3rd period - Daniel Briere wins face-off versus Michael Nylander in Sabres zone.
5:47 of 3rd period - Daniel Briere is hit by Zach Parise.
5:52 of 3rd period - Milan Hejduk is hit by Brendan Witt and loses puck.
6:18 of 3rd period - Minor Penalty to Rob Blake for Holding.
6:19 of 3rd period - Daniel Briere wins face-off versus Ryan Getzlaf in Sabres zone.
7:25 of 3rd period - Icing by Zach Parise.
7:26 of 3rd period - Michael Nylander wins face-off versus Henrik Zetterberg in Devils zone.
8:04 of 3rd period - Shot by Miroslav Satan.
8:04 of 3rd period - Stopped by Ryan Miller without a rebound.
8:05 of 3rd period - Henrik Zetterberg wins face-off versus Michael Nylander in Sabres zone.
8:28 of 3rd period - Shot by Jean-Pierre Dumont.
8:28 of 3rd period - Stopped by Ryan Miller without a rebound.
8:29 of 3rd period - Derek Roy wins face-off versus Ryan Getzlaf in Sabres zone.
8:31 of 3rd period - Icing by John-Michael Liles.
8:32 of 3rd period - Derek Roy wins face-off versus Ryan Getzlaf in Sabres zone.
8:32 of 3rd period - Derek Roy is hit by Ryan Getzlaf.
9:01 of 3rd period - Daniel Alfredsson is hit by Derek Roy and loses puck.
9:03 of 3rd period - Minor Penalty to Colin White for High sticking.
9:04 of 3rd period - Chris Drury wins face-off versus John Madden in Devils zone.
9:13 of 3rd period - Shot by Nathan Horton.
9:13 of 3rd period - Shot Blocked by Brad Lukowich.
9:17 of 3rd period - Shot by Nathan Horton.
9:17 of 3rd period - Stopped by Martin Brodeur without a rebound.
9:18 of 3rd period - Travis Zajac wins face-off versus Daniel Briere in Devils zone.
10:15 of 3rd period - Shot by Dmitri Kalinin.
10:15 of 3rd period - Stopped by Martin Brodeur without a rebound.
10:16 of 3rd period - John Madden wins face-off versus Chris Drury in Devils zone.
10:33 of 3rd period - Shot by Toni Lydman.
10:33 of 3rd period - Stopped by Martin Brodeur without a rebound.
10:34 of 3rd period - John Madden wins face-off versus Chris Drury in Devils zone.
10:34 of 3rd period - John Madden is hit by Thomas Vanek.
10:41 of 3rd period - Icing by Nathan Horton.
10:42 of 3rd period - Chris Drury wins face-off versus John Madden in Sabres zone.
10:48 of 3rd period - Off-side.
10:49 of 3rd period - Travis Zajac wins face-off versus Daniel Briere in neutral zone.
11:13 of 3rd period - Icing by Chris Chelios.
11:14 of 3rd period - Ryan Getzlaf wins face-off versus Derek Roy in Devils zone.
11:18 of 3rd period - Icing by Jean-Pierre Dumont.
11:19 of 3rd period - Ryan Getzlaf wins face-off versus Chris Drury in Devils zone.
11:24 of 3rd period - Shot by Daniel Alfredsson.
11:24 of 3rd period - Shot Misses the Net.
11:28 of 3rd period - Shot by Jean-Pierre Dumont.
11:28 of 3rd period - Shot Blocked by Dmitri Kalinin.
11:30 of 3rd period - Shot by Chris Chelios.
11:30 of 3rd period - Stopped by Ryan Miller with a rebound.
11:32 of 3rd period - Shot by Daniel Alfredsson.
11:32 of 3rd period - Shot Misses the Net.
12:04 of 3rd period - Icing by Nathan Horton.
12:05 of 3rd period - Chris Drury wins face-off versus Zach Parise in Sabres zone.
12:05 of 3rd period - Nathan Horton is hit by Patrik Elias.
12:12 of 3rd period - Minor Penalty to Brendan Witt for Diving.
12:13 of 3rd period - John Madden wins face-off versus Daniel Briere in Devils zone.
12:48 of 3rd period - Shot by Brian Campbell.
12:48 of 3rd period - Shot Misses the Net.
12:50 of 3rd period - Shot by Henrik Zetterberg.
12:50 of 3rd period - Shot Blocked by Miroslav Satan.
12:52 of 3rd period - Shot by Brian Campbell.
12:52 of 3rd period - Shot Blocked by Brad Lukowich.
12:54 of 3rd period - Shot by Milan Hejduk.
12:54 of 3rd period - Stopped by Martin Brodeur with a rebound.
13:24 of 3rd period - Shot by Thomas Vanek.
13:24 of 3rd period - Shot Misses the Net.
13:26 of 3rd period - Shot by Toni Lydman.
13:26 of 3rd period - Shot Blocked by Brad Lukowich.
14:12 of 3rd period - Shot by Daniel Briere.
14:12 of 3rd period - Shot Misses the Net.
14:14 of 3rd period - Shot by Danny Markov.
14:14 of 3rd period - Shot Blocked by Chris Chelios.
14:35 of 3rd period - Icing by Derek Roy.
14:36 of 3rd period - Derek Roy wins face-off versus Zach Parise in Sabres zone.
14:41 of 3rd period - Brendan Witt is hit by Johan Franzen and loses puck.
14:54 of 3rd period - Shot by Michael Nylander.
14:54 of 3rd period - Shot Misses the Net.
14:58 of 3rd period - Shot by Patrik Elias.
14:58 of 3rd period - Stopped by Ryan Miller without a rebound.
14:59 of 3rd period - Chris Drury wins face-off versus Ryan Getzlaf in Sabres zone.
14:59 of 3rd period - Chris Drury is hit by Daniel Alfredsson.
15:31 of 3rd period - Minor Penalty to Daniel Alfredsson for Holding Stick.
15:32 of 3rd period - Travis Zajac wins face-off versus Daniel Briere in Sabres zone.
15:39 of 3rd period - Shot by Travis Zajac.
15:39 of 3rd period - Stopped by Ryan Miller without a rebound.
15:40 of 3rd period - John Madden wins face-off versus Daniel Briere in Sabres zone.
15:44 of 3rd period - Icing by Rob Blake.
15:45 of 3rd period - Daniel Briere wins face-off versus Travis Zajac in Sabres zone.
16:41 of 3rd period - Off-side.
16:42 of 3rd period - Thomas Vanek wins face-off versus Travis Zajac in neutral zone.
17:33 of 3rd period - Off-side.
17:34 of 3rd period - Ryan Getzlaf wins face-off versus Derek Roy in neutral zone.
17:40 of 3rd period - Off-side.
17:41 of 3rd period - Jean-Pierre Dumont wins face-off versus Derek Roy in neutral zone.
18:04 of 3rd period - Shot by Daniel Alfredsson.
18:04 of 3rd period - Stopped by Ryan Miller without a rebound.
18:05 of 3rd period - Doug Weight wins face-off versus Travis Zajac in Sabres zone.
18:25 of 3rd period - Shot by Travis Zajac.
18:25 of 3rd period - Shot Misses the Net.
18:27 of 3rd period - Shot by Brad Lukowich.
18:27 of 3rd period - Shot Misses the Net.
18:35 of 3rd period - Shot by Doug Weight.
18:35 of 3rd period - Shot Misses the Net.
18:38 of 3rd period - Icing by Brad Lukowich.
18:39 of 3rd period - Chris Drury wins face-off versus Travis Zajac in Devils zone.
19:13 of 3rd period - Brad Lukowich is hit by Nathan Horton and loses puck.
19:44 of 3rd period - Derek Roy is hit by Brad Lukowich and loses puck.
19:53 of 3rd period - Devils, Martin Brodeur is pulled from the net.


Output by the SimonT Hockey Simulator (STHS) for Stephane Roy -- Original Page W3C XHTML 1.0 Valid